 Dungeon Crawl Stone Soup version 0.32-a0-422-g28b100f618 (webtiles) character file.

Game seed: 16039263477953048439

717 Sobieck the Poker (level 7, 0/54 HPs)
             Began as a Coglin Monk on Feb 21, 2024.
             Was a Believer of Qazlal.
             Slain by a lemure (4 damage)
             ... led by Pikel
             ... on level 5 of the Dungeon.
             The game lasted 00:08:15 (3551 turns).

Sobieck the Poker (Coglin Monk)                     Turns: 3551, Time: 00:08:16

Health: 0/54       AC:  6    Str: 13    XL:     7   Next: 70%
Magic:  2/7        EV: 11    Int: 10    God:    Qazlal [**....]
Gold:   249        SH:  2    Dex: 16    Spells: 6/6 levels left

rFire   . . .        p - +0 trident {Melek}
rCold   . . .        q - +0 spear {Surin}
rNeg    . . .        g - +0 ring mail
rPois   .            h - +0 helmet
rElec   .            (no cloak)
rCorr   .            (no gloves)
SInv    .            (no boots)
Will    ++...        e - amulet of the acrobat
Stlth   +            m - ring of willpower
HPRegen 0.29/turn    B - ring of willpower
MPRegen 0.10/turn

%: acrobat
@: immotile, revved
A: off-hand wielding, slow wielding, warmup strikes, legs shutdown
a: Renounce Religion, Upheaval


You were on level 5 of the Dungeon.
You worshipped Qazlal.
Qazlal was pleased with you.
You visited 2 branches of the dungeon, and saw 6 of its levels.

You collected 249 gold pieces.

Inventory:

Hand Weapons
 a - a +0 spear {Amala}
 p - a +0 trident (weapon) {Melek}
 q - a +0 spear (offhand) {Surin}
Missiles
 j - 24 stones (quivered)
 k - 3 poisoned darts
 t - 4 boomerangs
Armour
 b - a +0 robe
 d - an orb of light
 g - a +0 ring mail (worn)
 h - a +0 helmet (worn)
Magical Staves
 r - a staff of death
 x - a staff of conjuration
Jewellery
 e - an amulet of the acrobat (around neck)
 m - a ring of willpower (left grasper)
 B - a ring of willpower (right grasper)
Wands
 n - a wand of mindburst (32)
 V - a wand of flame (4)
Scrolls
 o - a scroll of fear {unknown}
 s - 2 scrolls of teleportation {unknown}
 u - a scroll of vulnerability {unknown}
 y - a scroll of fog {unknown}
 C - a scroll of brand weapon {unknown}
Potions
 c - a potion of ambrosia
 f - a potion of degeneration {unknown}
 i - a potion of berserk rage {unknown}
 v - a potion of magic
 z - a potion of attraction {unknown}
 A - a potion of mutation {unknown}
 Q - a potion of curing


   Skills:
 + Level 4.2 Fighting
 + Level 7.5 Polearms
 - Level 2.6 Dodging


You had 6 spell levels left.
You didn't know any spells.
Your spell library contained the following spells:

 Spells                   Type           Power      Damage    Failure   Level
 Sublimation of Blood     Necr           0%         N/A       77%         2
 Petrify                  Alch/Erth      0%         N/A       100%        4
 Irradiate                Conj/Alch      0%         3d11      100%        5


Dungeon Overview and Level Annotations

Branches:
Dungeon (5/15)             Temple (1/1) D:4

Altars:
Ashenzari
Cheibriados
Elyvilon
Fedhas
Hepliaklqana
Kikubaaqudgha
Makhleb
Nemelex Xobeh
Qazlal
Ru
Trog
Uskayaw
Wu Jian
Xom
Zin

Annotations:
D:5 Pikel


Innate Abilities, Weirdness & Mutations

You can wield a second weapon in your off-hand.
It takes a long time for you to wield or remove held weapons.
Your first few attacks do less damage.
Attacking and casting redirects power from your legs.


Message History

Press: ? - help, Dir - move target, f/p - Pikel
Aim: Pikel, wielding a +2 whip of freezing, wearing a +0 robe and carrying a wand of flame (severely wounded, about 42% to evade your +0 trident)
You reach to attack!
You hit Pikel but do no damage.
Pikel is severely wounded.
You barely miss Pikel with your +0 spear.
The orc wizard hits you with a +0 dagger.
* * * LOW HITPOINT WARNING * * *
The lemure hits you but does no damage.
Reach: p) +0 trident {Melek}
Press: ? - help, Dir - move target, f/p - Pikel
Aim: Pikel, wielding a +2 whip of freezing, wearing a +0 robe and carrying a wand of flame (severely wounded, about 42% to evade your +0 trident)
You reach to attack!
You barely miss Pikel with your +0 spear.
Pikel is severely wounded.
You closely miss Pikel with your +0 trident.
The lemure hits you.
* * * LOW HITPOINT WARNING * * *
The orc wizard closely misses you.
Reach: p) +0 trident {Melek}
Press: ? - help, Dir - move target, f/p - Pikel
Aim: Pikel, wielding a +2 whip of freezing, wearing a +0 robe and carrying a wand of flame (severely wounded, about 42% to evade your +0 trident)
You reach to attack!
You closely miss Pikel with your +0 spear.
Pikel is severely wounded.
You hit Pikel with your +0 trident. The lemure misses you.
The orc wizard hits you but does no damage.
Reach: p) +0 trident {Melek}
Press: ? - help, Dir - move target, f/p - Pikel
Aim: Pikel, wielding a +2 whip of freezing, wearing a +0 robe and carrying a wand of flame (severely wounded, about 42% to evade your +0 trident)
The lemure is in the way.
You hit the lemure but do no damage.
The lemure is almost dead.
You hit the lemure with your +0 spear.
You kill the lemure!
That felt strangely unrewarding.
Reach: p) +0 trident {Melek}
Press: ? - help, Dir - move target, f/p - Pikel
Aim: Pikel, wielding a +2 whip of freezing, wearing a +0 robe and carrying a wand of flame (severely wounded, about 42% to evade your +0 trident)
You reach to attack!
You closely miss Pikel with your +0 trident.
Pikel is severely wounded.
You miss Pikel with your +0 spear.
The orc wizard hits you with a +0 dagger.
* * * LOW HITPOINT WARNING * * *
Reach: p) +0 trident {Melek}
Press: ? - help, Dir - move target, f/p - Pikel
Aim: Pikel, wielding a +2 whip of freezing, wearing a +0 robe and carrying a wand of flame (severely wounded, about 42% to evade your +0 trident)
You reach to attack!
You hit Pikel but do no damage.
Pikel is severely wounded.
You hit Pikel but do no damage. The lemure hits you.
You die...

...#...##
#....... .....#.
..... #.... ....
#.....
.K##...... #.
#5#....... #..
#@#.......
#...#o#.......
#...#S'.......
#...#.'?......
###...#.#......c
........#.......
###.....#.......
..#.....##......
#<.......##.....


You could see Pikel, a lemure, an orc wizard and an adder.

Vanquished Creatures
  An ice beast (D:3)
  A black bear (D:4)
  A lemure (D:5)
  A howler monkey (D:3)
  2 orc priests
  4 iguanas
  A sleepcap (D:4)
  2 orc wizards
  Ijyb (D:4)
  Natasha (thrice) (D:2)
  4 adders
  A dart slug (D:1)
  12 orcs
  5 endoplasms
  2 giant cockroaches (D:4)
  2 goblins (D:1)
  6 hobgoblins
  6 kobolds
  7 ball pythons
  2 bats (D:3)
  2 frilled lizards (D:1)
  8 rats
74 creatures vanquished.

Vanquished Creatures (others)
  A lemure (D:5)
1 creature vanquished.

Grand Total: 75 creatures vanquished

Notes
Turn   | Place    | Note
-------+----------+-------------------------------------------
     0 | D:1      | Sobieck the Coglin Monk began the quest for the Orb.
     0 | D:1      | Reached XP level 1. HP: 18/18 MP: 1/1
    57 | D:1      | Reached skill level 3 in Polearms
   149 | D:1      | Reached XP level 2. HP: 24/24 MP: 2/2
   344 | D:1      | Reached XP level 3. HP: 29/29 MP: 3/3
   816 | D:2      | Noticed Natasha
   822 | D:2      | Killed Natasha
   823 | D:2      | Reached skill level 4 in Polearms
   823 | D:2      | Reached XP level 4. HP: 33/35 MP: 4/4
   913 | D:2      | Noticed Natasha
   921 | D:2      | Killed Natasha
   980 | D:2      | Noticed Natasha
   988 | D:2      | Killed Natasha
   989 | D:2      | Reached skill level 5 in Polearms
  1019 | D:2      | Reached XP level 5. HP: 38/41 MP: 5/5
  1223 | D:3      | Noticed an ice beast
  1234 | D:3      | Killed an ice beast
  1235 | D:3      | Reached XP level 6. HP: 20/47 MP: 6/6
  1455 | D:3      | Reached skill level 6 in Polearms
  2056 | D:4      | Noticed a black bear
  2286 | D:4      | Found a staircase to the Ecumenical Temple.
  2296 | Temple   | Entered the Ecumenical Temple
  2336 | Temple   | Became a worshipper of Qazlal Stormbringer
  2336 | Temple   | Reached * piety under Qazlal
  2336 | Temple   | Reached ** piety under Qazlal
  2473 | D:4      | Noticed Ijyb
  2482 | D:4      | Killed Ijyb
  2483 | D:4      | Reached skill level 7 in Polearms
  2483 | D:4      | Reached XP level 7. HP: 40/52 MP: 7/7
  3202 | D:5      | Entered Level 5 of the Dungeon
  3522 | D:5      | Noticed Pikel
  3551 | D:5      | Slain by a lemure

Illustrated notes

Levels and vault maps discovered:
D:1:      dpeg_arrival_simpleton_a, layout_basic
D:2:      layout_loops_cross, uniq_natasha
D:3:      layout_loops_ring
D:4:      layout_loops_ring, minmay_temple_entry_tees, minmay_gold_behind_fungi,
          uniq_ijyb
D:5:      kennysheep_big_flooded_room, layout_basic,
          mainiacjoe_overflow_tiny_flanked, kennysheep_okawaru_gauntlet,
          lemuel_flamethrower_2, uniq_pikel
Temple:   hellmonk_temple_of_storms

Skill      XL: |  1  2  3  4  5  6  7 |
---------------+----------------------+-----
Polearms       | 3 4 5 7 |  7.5
Fighting       | 4 |  4.2
Dodging        | |  2.6

Action                     |  1- 3 |  4- 6 |  7- 9 || total
---------------------------+-------+-------+-------++-------
  Melee: Spear             |    66 |   148 |    87 ||   301
         Trident           |       |   101 |    91 ||   192
  Throw: Stone             |       |     1 |       ||     1
 Invoke: Upheaval          |       |       |     2 ||     2
    Use: Scroll            |       |       |     2 ||     2
         Potion            |       |       |     1 ||     1
   Stab: Distracted        |     1 |       |       ||     1
 Armour: Robe              |     3 |       |       ||     3
         Ring mail         |     7 |    64 |    50 ||   121
  Dodge: Dodged            |    10 |    54 |    23 ||    87
  Block: Other             |       |     1 |     5 ||     6

Table legend: (Time is in decaauts)
 A = Elapsed time spent in this place.
 B = Non-inter-level travel time spent in this place.
 C = Inter-level travel time spent in this place.
 D = Time resting spent in this place.
 E = Time spent auto-exploring this place.
 F = Levels seen in this place.
 G = Mean time per level.
                   A        B        C        D        E       F      G
               +--------+--------+--------+--------+--------+-----+--------+
         Total |   3522 |   3368 |    154 |    536 |   2163 |   6 |  587.0 |
       Dungeon |   3462 |   3327 |    135 |    536 |   2163 |   5 |  692.4 |
        Temple |     60 |     41 |     19 |      0 |      0 |   1 |   60.0 |
               +--------+--------+--------+--------+--------+-----+--------+

Top non-repeatable levels by time:
     D:3: 1094 daAuts
     D:4: 924 daAuts
     D:2: 580 daAuts
     D:1: 563 daAuts
     D:5: 298 daAuts
  Temple: 60 daAuts
